 Dungeon Crawl Stone Soup version 0.27.1-34-g3ba077fa99 (webtiles) character file.

Game seed: 10832090097734950707

4 Hugehornet the Insei (level 1, -1/13 HPs)
             Began as an Octopode Transmuter on Jan 19, 2022.
             Slain by a jackal (2 damage)
             ... on level 1 of the Dungeon.
             The game lasted 00:00:16 (37 turns).

Hugehornet the Insei (Octopode Transmuter)            Turns: 37, Time: 00:00:17

Health: -1/13      AC:  1    Str:  9    XL:     1   Next: 60%
Magic:  3/3        EV: 13    Int: 15    God:
Gold:   0          SH:  0    Dex: 12    Spells: 3/4 levels left

rFire    . . .     SeeInvis .     - Unarmed
rCold    . . .     Faith    .   (no shield)
rNeg     . . .     Spirit   .   (helmet restricted)
rPois    .         Reflect  .   (no amulet)
rElec    .         Harm     .   (no ring)
rCorr    .         Rampage  .   (no ring)
Will     .....                  (no ring)
Stlth    ++........             (no ring)
HPRegen  0.04/turn              (no ring)
MPRegen  0.08/turn              (no ring)
                                (no ring)
                                (no ring)

@: no status effects
A: almost no armour, amphibious, 8 rings, camouflage 1, gelatinous body 1,
(nimble swimmer 1), tentacles
a: no special abilities


You were on level 1 of the Dungeon.
You visited 1 branch of the dungeon, and saw 1 of its levels.

You aren't carrying anything.


   Skills:
 + Level 1.0 Fighting
 + Level 2.0 Dodging
 + Level 0.2 Stealth
 * Level 3.1 Unarmed Combat
 + Level 2.0 Spellcasting
 * Level 2.1 Transmutations


You had 3 spell levels left.
You knew the following spells:

 Your Spells              Type           Power      Damage    Failure   Level
a - Beastly Appendage     Tmut           14%        N/A       10%         1

Your spell library contained the following spells:

 Spells                   Type           Power      Damage    Failure   Level
 Wereblood                Tmut           7%         N/A       14%         2
 Spider Form              Tmut/Pois      2%         N/A       41%         3
 Ice Form                 Ice/Tmut       4%         N/A       82%         4


Dungeon Overview and Level Annotations

Branches:
Dungeon (1/15)

Altars:


Innate Abilities, Weirdness & Mutations

You cannot wear most types of armour.
You are amphibious.
You can wear up to eight rings at the same time.
Your skin changes colour to match your surroundings (Stealth+).
Your rubbery body absorbs attacks. (AC +1, EV +1)
((You are camouflaged near water. (Stealth+)))
You have tentacles for arms and can constrict up to eight enemies at once.


Message History

The jackal bites you but does no damage.
The jackal barely misses you. The jackal bites you.
You tentacle-slap the jackal. You grab the jackal.
Your tentacle spike misses the jackal.
You squeeze the jackal.
The jackal is heavily wounded.
You constrict the jackal. The jackal barely misses you. The jackal bites you.
You are too injured to fight recklessly!
You are too injured to fight recklessly!
You are too injured to fight recklessly!
You are too injured to fight recklessly!
Unknown command.
You are too injured to fight recklessly!
Unknown command.
You release your grip on the jackal.
The jackal closely misses you.
You are too injured to fight recklessly!
You are too injured to fight recklessly!
You are too injured to fight recklessly!
You are too injured to fight recklessly!
You barely miss the jackal. Your grab misses the jackal.
You barely miss the jackal. Your grab misses the jackal.
You squeeze the jackal.
You kill the jackal!
The jackal barely misses you.
You tentacle-slap the jackal. You grab the jackal.
The jackal is moderately wounded.
You constrict the jackal, but do no damage.
The jackal misses you. The jackal bites you. x2
* * * LOW HITPOINT WARNING * * *
The jackal barely misses you.
You release your grip on the jackal.
The jackal bites you.
* * * LOW HITPOINT WARNING * * *
You tentacle-slap the jackal. You grab the jackal.
You pierce the jackal.
You kill the jackal!
The jackal barely misses you.
You tentacle-slap the jackal. Your grab misses the jackal.
Your tentacle spike misses the jackal.
The jackal is lightly wounded.
Your tentacle spike disappears.
The jackal bites you.
You die...

##### ♣.#######...#
♣.........♣.♣
♣....#h@..♣.♣
♣....#....♣.♣
♣###.###.#♣.♣
#.#....♣.♣
#.#....♣.♣##
..#.#........######
................>#
#..####........######
#............###


You could see a jackal.

Vanquished Creatures
  A giant cockroach (D:1)
  2 jackals (D:1)
3 creatures vanquished.

Notes
Turn   | Place    | Note
-------+----------+-------------------------------------------
     0 | D:1      | Hugehornet the Octopode Transmuter began the quest for the
                  | Orb.
     0 | D:1      | Reached XP level 1. HP: 13/13 MP: 3/3
    37 | D:1      | Slain by a jackal

Illustrated notes

Levels and vault maps discovered:
D:1:      dpeg_arrival_simpleton_c, layout_basic,
          dreamdust_ecumenical_altar_hidden_monk_grotto, serial_forest,
          infiniplex_forest_pool, infiniplex_forest_straight_2,
          infiniplex_forest_zigzag_1, infiniplex_forest_fountain,
          infiniplex_forest_straight_1, infiniplex_forest_lined_3,
          infiniplex_forest_straight_2, infiniplex_forest_lined_3,
          infiniplex_forest_straight_3, palyth_stone_intersect

Action                   || total
-------------------------++-------
Melee: Unarmed           ||    10
       Constrict         ||     4
       Kick              ||     3
       Tentacles         ||     2
 Cast: Beastly Appendage ||     1
Armor: Skin              ||     1
Dodge: Dodged            ||    13
